 Dungeon Crawl Stone Soup version 0.25-a0-474-ga8a2ee3166 (console) character file.

Game seed: 3101747185476251537, levelgen mode: deterministic

53 surprisetrex the Charmwright (level 3, -2/27 HPs)
             Began as a Merfolk Skald on Feb 7, 2020.
             Slain by a gnoll (6 damage)
             ... on level 1 of the Dungeon.
             The game lasted 00:06:29 (1764 turns).

surprisetrex the Charmwright (Merfolk Skald)        Turns: 1764, Time: 00:06:30

Health: -2/27      AC:  3    Str: 11    XL:     3   Next: 87%
Magic:  6/6        EV:  6    Int: 13    God:
Gold:   84         SH:  0    Dex: 13    Spells: 3/6 levels left

rFire    . . .     SeeInvis .   a - +0 spear
rCold    . . .     Gourm    .   (no shield)
rNeg     . . .     Faith    .   g - +0 leather armour
rPois    .         Spirit   .   (no helmet)
rElec    .         Reflect  .   (no cloak)
rCorr    .         Harm     .   (no gloves)
MR       .....                  (no boots)
Stlth    +.........             (no amulet)
HPRegen  0.09/turn              (no ring)
MPRegen  0.10/turn              (no ring)

@: held
A: change form in water, swift swim, stealthy swim
a: no special abilities


You were on level 1 of the Dungeon.
You were hungry.

You visited 1 branch of the dungeon, and saw 2 of its levels.

You collected 84 gold pieces.

Inventory:

Hand Weapons
 a - a +0 spear (weapon)
Armour
 g - a +0 leather armour (worn)
Scrolls
 b - 4 scrolls of identify {unknown}
 e - 2 scrolls of enchant weapon {unknown}
 f - a scroll of remove curse {unknown}
Comestibles
 d - 3 rations


   Skills:
 - Level 2.1 Fighting
 + Level 3.0 Polearms
 - Level 0.6 Armour
 - Level 2.6 Dodging
 - Level 2.0 Spellcasting
 - Level 5.1 Charms


You had 3 spell levels left.
You knew the following spells:

 Your Spells              Type           Power        Failure   Level  Hunger
a - Infusion              Chrm           ##..         4%          1    ##.....
b - Song of Slaying       Chrm           ##......     6%          2    ###....

Your spell library contained the following spells:

 Spells                   Type           Power        Failure   Level  Hunger
 Shroud of Golubria       Chrm/Tloc      #.....       19%         2    ###....
 Ozocubu's Armour         Chrm/Ice       #.......     34%         3    ####...
 Spectral Weapon          Hex/Chrm       #.......     34%         3    ####...


Dungeon Overview and Level Annotations

Branches:
Dungeon (2/15)

Altars:

Annotations:
D:2 Sigmund


Message History

The gnoll barely misses you. The gnoll hits you with a +0 spear.
The gnoll hits you with a +0 club.
Found 9 gold pieces, a ration, a scroll labeled SOKOTA YSUA and a scroll labeled INWAHU KAUFIGU.
There is a stone staircase leading up here.
Unknown command.
The gnoll barely misses you. The gnoll hits you with a +0 spear.
The gnoll hits you with a +0 club.
* * * LOW HITPOINT WARNING * * *
You climb upwards.
There is a stone staircase leading down here.
The gnoll hits you but does no damage.
The gnoll hits you from afar with a +0 spear.
* * * LOW HITPOINT WARNING * * *
The gnoll hits you with a +0 club.
* * * LOW HITPOINT WARNING * * *
The gnoll hits you.
* * * LOW HITPOINT WARNING * * *
The gnoll throws a throwing net.
The throwing net hits you.
You become entangled in the net!
The gnoll barely misses you.
You see here a throwing net.
You struggle against the net.
The gnoll hits you.
You die...

##...#######.###..####...#
...).#### #.# #..[......##
###.....# #.###.#........#
.....#.#####..##.#........#
.....#.#....#.##.#........#
.....#.#.##.#.##.#........#
##.#.#.#.##.#.##.#........#
#.#.#.#.##.#..#.#........#
#.#.#.#.##+##.#.#........#
#รท#...#..[....#.#........#
#.#####........@.........#
#.............g.g........###
######...#'#...>...........#
#######.#.#.#..g..##........#
......#.#.#.#.....##........#
#####.#.#.#.#.....##........#
.)......#.#.#.....##........#
###...#.#.#.#.....###########
......#.#.#.#.....#
......#.#.#.#######
###.#.#.#.#.#


You could see 3 gnolls.

Vanquished Creatures
  An adder (D:2)
  3 dart slugs (D:1)
  4 bats
  3 giant cockroaches
  6 goblins (D:1)
  3 hobgoblins
  6 jackals (D:1)
  3 frilled lizards (D:1)
  3 kobolds
  3 rats
35 creatures vanquished.

Notes
Turn   | Place    | Note
-------+----------+-------------------------------------------
     0 | D:1      | surprisetrex the Merfolk Skald began the quest for the Orb.
     0 | D:1      | Reached XP level 1. HP: 16/16 MP: 3/3
    94 | D:1      | Reached XP level 2. HP: 21/22 MP: 5/5
   114 | D:1      | Reached skill level 4 in Charms
   518 | D:1      | Learned a level 2 spell: Song of Slaying
   580 | D:1      | Reached XP level 3. HP: 23/27 MP: 6/6
  1190 | D:2      | Reached skill level 5 in Charms
  1386 | D:2      | Noticed Sigmund
  1421 | D:2      | HP: 1/27 [Sigmund/+0 scythe (13)]
  1764 | D:1      | Slain by a gnoll

Levels and vault maps discovered:
D:1:      dpeg_arrival_signposts, layout_basic
D:2:      layout_rooms, first_ration, uniq_crazy_yiuf_cottage, uniq_sigmund

Skill      XL: |  1  2  3 |
---------------+----------+-----
Charms         | 4 5 |  5.1
Fighting       | |  2.1
Polearms       | |  3.0
Armour         | |  0.6
Dodging        | |  2.6
Spellcasting   | |  2.0

Action                   || total
-------------------------++-------
Melee: Spear             ||   139
 Cast: Infusion          ||     3
       Song of Slaying   ||     1
 Stab: Sleeping          ||     1
  Eat: Chunk             ||     2
Armor: Leather armour    ||    20
Dodge: Dodged            ||    68

Table legend:
 A = Non-vault XP
 B = Vault XP
 C = Vault XP percentage of total XP
 D = Non-vault monster count
 E = Vault monster count
 F = Vault count percentage of total count
                 A         B        C        D         E       F
            +---------+---------+-------+---------+---------+-------
      Total |      76 |       0 |   0.0 |      35 |       0 |   0.0
            +---------+---------+-------+---------+---------+-------
        D:1 |      55 |       0 |   0.0 |      28 |       0 |   0.0
        D:2 |      21 |       0 |   0.0 |       7 |       0 |   0.0
            +---------+---------+-------+---------+---------+-------
